 Dungeon Crawl Stone Soup version 0.16.1-30-g34a7ffa (webtiles) character file.

131 Yawgmoth the Conjurer (level 4, -2/34 HPs)
             Began as a Mummy Conjurer on June 18, 2015.
             Slain by a sky beast (4 damage)
             ... on level 3 of the Dungeon.
             The game lasted 00:15:38 (3149 turns).

Yawgmoth the Conjurer (Mummy Conjurer)              Turns: 3149, Time: 00:15:38

Health: -2/34      AC:  3    Str: 11    XL:     4   Next: 91%
Magic:  1/8        EV: 12    Int: 15    God:
Gold:   105        SH:  0    Dex: 12    Spells: 2 memorised, 5 levels left

rFire  x . .     SeeInvis .     n - +0 falchion
rCold  + . .     Clarity  .     a - +0 robe
rNeg   + + +     SustAb   .     (no shield)
rPois  ∞         Gourm    .     f - +0 helmet
rElec  .         Spirit   .     (no cloak)
rCorr  .         Warding  .     (no gloves)
rMut   .         Stasis   .     (no boots)
MR     .....                    q - amulet of inaccuracy (curse)
Stlth  ++........               (no ring)
                                (no ring)

@: very slightly contaminated, not resistant to hostile enchantments, unstealthy
A: no food or potions, fire vulnerability, restore body, cold resistance 1,
negative energy resistance 3, poison resistance, torment resistance, unbreathing
a: no special abilities


You were on level 3 of the Dungeon.
You were not hungry.

You visited 1 branch of the dungeon, and saw 3 of its levels.

You collected 105 gold pieces.

Inventory:

Hand weapons
 j - a +0 hunting sling
 n - a +0 falchion (weapon)
Missiles
 e - 5 javelins (quivered)
 k - 15 stones
 o - 14 sling bullets
Armour
 a - a +0 robe (worn)
 f - a +0 helmet (worn)
Jewellery
 q - a cursed amulet of inaccuracy (around neck)
Scrolls
 b - a scroll of fear {unknown}
 d - a scroll of magic mapping {unknown}
 g - 2 scrolls of immolation {unknown}
 h - a scroll of enchant armour {unknown}
 i - a scroll of identify {unknown}
 l - a scroll of amnesia {unknown}
 m - a scroll of teleportation {unknown}
 p - a scroll of blinking {unknown}
Books
 c - a book of Conjurations

   Spells                             Type                      Level
   a - Magic Dart                     Conjuration                  1
   b - Searing Ray                    Conjuration                  2
   c - Dazzling Spray                 Conjuration/Hexes            3
   d - Fulminant Prism                Conjuration/Hexes            4
   e - Iskenderun's Mystic Blast      Conjuration                  4
   f - Iskenderun's Battlesphere      Conjuration/Charms           5


   Skills:
 + Level 2.4 Fighting
 - Level 1.5 Dodging
 - Level 1.5 Stealth
 + Level 2.9 Spellcasting
 + Level 4.1 Conjurations


You had 5 spell levels left.
You knew the following spells:

 Your Spells              Type           Power        Failure   Level  Hunger
a - Magic Dart            Conj           ##..         4%          1    N/A
b - Searing Ray           Conj           ##....       8%          2    N/A

Dungeon Overview and Level Annotations

Branches:
Dungeon (3/15)

Altars:


Innate Abilities, Weirdness & Mutations

You do not eat or drink.
Your flesh is vulnerable to fire.
Your flesh is cold resistant.
You are immune to negative energy.
Your system is resistant to poisons.
You are immune to unholy pain and torment.
You can survive without breathing.


Message History

You hit the sky beast.
The sky beast is almost dead.
The sky beast barely misses you.
You miss the sky beast.
The sky beast is almost dead.
The sky beast barely misses you.
You barely miss the sky beast.
The sky beast is almost dead.
The sky beast flickers out of sight!
Deactivating autopickup; reactivate with Ctrl-A.
Something hits you but does no damage.
You miss something. Something hits you but does no damage. Something hits you.
Something shocks you.
* * * LOW HITPOINT WARNING * * *
You completely miss something. Something hits you.
* * * LOW HITPOINT WARNING * * *
Something shocks you.
* * * LOW HITPOINT WARNING * * *
You miss something. Something hits you.
You die...

### ######.# #....#.#
####.#.# ##### #.#.#
#....###########.#.####
+....{@................
#....#########.#.#.)..#
#....###### #.#.#.....
+....'....# #.#.......
#....####.# #.#.#.....
#.... #.# ##.#.#.##.#
#.... #.# #...)...#.#
#.... #.###..#......#
##### #..##..###[...#


There were no monsters in sight!

Vanquished Creatures
  An orc wizard (D:3)
  3 adders (D:2)
  A giant mite (D:2)
  A worm (D:2)
  4 orcs (D:3)
  7 bats
  4 giant cockroaches
  8 goblins
  3 hobgoblins
  5 jackals
  11 kobolds
  2 quokkas (D:2)
  A ball python (D:2)
  2 giant geckos (D:2)
  8 giant newts
  3 rats
64 creatures vanquished.

Notes
Turn   | Place    | Note
--------------------------------------------------------------
     0 | D:1      | Yawgmoth, the Mummy Conjurer, began the quest for the Orb.
     0 | D:1      | Reached XP level 1. HP: 13/13 MP: 3/3
   447 | D:1      | Reached XP level 2. HP: 20/20 MP: 1/4
   502 | D:1      | Reached skill level 1 in Fighting
   993 | D:1      | Learned a level 2 spell: Searing Ray
  1076 | D:1      | Reached XP level 3. HP: 26/26 MP: 3/6
  1696 | D:2      | Reached XP level 4. HP: 33/33 MP: 4/8
  1889 | D:2      | Reached skill level 4 in Conjurations
  2642 | D:3      | Noticed a sky beast
  3149 | D:3      | Slain by a sky beast

Action                   |  1- 3 |  4- 6 || total
-------------------------+-------+-------++-------
Melee: Unarmed           |     7 |       ||     7
       Short sword       |    18 |       ||    18
       Mace              |     9 |     2 ||    11
       Falchion          |       |    12 ||    12
Throw: Javelin           |     5 |     5 ||    10
       Stone             |       |     1 ||     1
 Cast: Magic Dart        |    72 |    71 ||   143
